TOP OF THE 1ST |
West Virginia Power batting - Pitching for Key West Barracudas : RHP Wilson Flores
|
Pitching: RHP Wilson Flores
|
|
Batting: RHB Alfonso Huertas
|
0-0: Foul Ball, location: 2F 0-1: Called Strike 0-2: Foul Ball, location: 2F 0-2: Fly out, F9 (Flyball, 9LM)
|
Batting: RHB Eric Johnson
|
0-0: Foul Ball, location: 2F 0-1: Ball 1-1: Ball 2-1: Swinging Strike 2-2: Ball 3-2: Strikes out looking
|
Batting: RHB Wilson Gonzáles
|
0-0: Ball 1-0: Ball 2-0: Foul Ball, location: 2F 2-1: Foul Ball, location: 2F 2-2: Ball 3-2: Ground out 6-3 (Groundball, 6M)
|
Top of the 1st over - 0 run(s), 0 hit(s), 0 error(s), 0 left on base; West Virginia 0 - Key West 0 |
BOTTOM OF THE 1ST |
Key West Barracudas batting - Pitching for West Virginia Power : RHP Mark Sanders
|
Pitching: RHP Mark Sanders
|
|
Batting: RHB Luis Pineda
|
0-0: Called Strike 0-1: Ball 1-1: Ball 2-1: Ball 3-1: Called Strike 3-2: Ground out 4-3 (Groundball, 4M)
|
Batting: SHB Patrick Larson
|
0-0: Ball 1-0: Foul Ball, location: 2F 1-1: Foul Ball, location: 2F 1-2: Ball 2-2: Ground out 5-3 (Groundball, 5S)
|
Batting: RHB Zander Tremblett
|
0-0: Called Strike 0-1: Swinging Strike 0-2: Strikes out swinging
|
Bottom of the 1st over - 0 run(s), 0 hit(s), 0 error(s), 0 left on base; West Virginia 0 - Key West 0 |
TOP OF THE 2ND |
West Virginia Power batting - Pitching for Key West Barracudas : RHP Wilson Flores
|
Batting: RHB Cristián Herrera
|
0-0: Foul Ball, location: 2F 0-1: SINGLE (Line Drive, 78S)
|
Batting: RHB Rubén Ayala
|
0-0: Foul Ball, location: 2F 0-1: Ball 1-1: Swinging Strike 1-2: Ball 2-2: Ball 3-2: Strikes out looking
|
Batting: LHB Jesús Ángel
|
0-0: Called Strike 0-1: Ball 1-1: Ball 2-1: Called Strike 2-2: Ground out 3-1 (Groundball, 34) Cristián Herrera to second
|
Batting: LHB Ernie Jackson
|
0-0: Called Strike 0-1: Foul Ball, location: 2F 0-2: Ground out 1-3 (Groundball, 25)
|
Top of the 2nd over - 0 run(s), 1 hit(s), 0 error(s), 1 left on base; West Virginia 0 - Key West 0 |
BOTTOM OF THE 2ND |
Key West Barracudas batting - Pitching for West Virginia Power : RHP Mark Sanders
|
Batting: RHB Carlos Miranda
|
0-0: Ground out 3-1 (Groundball, 34)
|
Batting: RHB Luther Stoffels
|
0-0: Called Strike 0-1: DOUBLE (Line Drive, 9LM)
|
Batting: RHB Kenny Cole
|
0-0: Ball 1-0: Called Strike 1-1: Foul Ball, location: 2F 1-2: Ball 2-2: Foul Ball, location: 2F 2-2: Foul Ball, location: 2F 2-2: Ball 3-2: Base on Balls
|
Batting: LHB Daniel Byrd
|
0-0: Ball 1-0: Grounds into double play, U6-3 (Groundball, 6M)
|
Bottom of the 2nd over - 0 run(s), 1 hit(s), 0 error(s), 1 left on base; West Virginia 0 - Key West 0 |
TOP OF THE 3RD |
West Virginia Power batting - Pitching for Key West Barracudas : RHP Wilson Flores
|
Batting: LHB Luis Pérez
|
0-0: Called Strike 0-1: Called Strike 0-2: Foul Ball, location: 2F 0-2: Ball 1-2: Foul Ball, location: 2F 1-2: SOLO HOME RUN (Flyball, 9LD), Distance : 365 ft
|
Batting: RHB Jorge Ramírez
|
0-0: Ball 1-0: Foul Ball, location: 2F 1-1: Swinging Strike 1-2: Ball 2-2: Ball 3-2: Base on Balls
|
Batting: RHB Alfonso Huertas
|
0-0: Ball 1-0: Ball 2-0: Fly out, F9 (Flyball, 9M)
|
Batting: RHB Eric Johnson
|
0-0: Ball Jorge Ramírez is caught stealing 2nd base 1-0: Ball 2-0: Foul Ball, location: 2F 2-1: Ground out 5-3 (Groundball, 5L)
|
Top of the 3rd over - 1 run(s), 1 hit(s), 0 error(s), 0 left on base; West Virginia 1 - Key West 0 |
BOTTOM OF THE 3RD |
Key West Barracudas batting - Pitching for West Virginia Power : RHP Mark Sanders
|
Batting: RHB Alfredo Pineda
|
0-0: Swinging Strike 0-1: Foul Ball, location: 2F 0-2: Foul Ball, location: 2F 0-2: Foul Ball, location: 2F 0-2: Ground out 4-3 (Groundball, 4)
|
Batting: RHB Dan Craft
|
0-0: Called Strike 0-1: Called Strike 0-2: Foul Ball, location: 2F 0-2: SINGLE (Groundball, 56)
|
Batting: RHB Luis Pineda
|
0-0: SINGLE (Line Drive, 89S) Dan Craft to second
|
Batting: SHB Patrick Larson
|
0-0: Ball Dan Craft steals 3rd base Luis Pineda to second 1-0: Foul Ball, location: 2F 1-1: Swinging Strike 1-2: Strikes out swinging
|
Batting: RHB Zander Tremblett
|
0-0: Called Strike 0-1: Fly out, F7 (Flyball, 78M)
|
Bottom of the 3rd over - 0 run(s), 2 hit(s), 0 error(s), 2 left on base; West Virginia 1 - Key West 0 |
TOP OF THE 4TH |
West Virginia Power batting - Pitching for Key West Barracudas : RHP Wilson Flores
|
Batting: RHB Wilson Gonzáles
|
0-0: Called Strike 0-1: Ball 1-1: Fly out, F8 (Flyball, 8LD)
|
Batting: RHB Cristián Herrera
|
0-0: Called Strike 0-1: Foul Ball, location: 2F 0-2: Ball 1-2: DOUBLE (Line Drive, 7LS)
|
Batting: RHB Rubén Ayala
|
0-0: Called Strike 0-1: Foul Ball, location: 2F 0-2: Strikes out looking
|
Batting: LHB Jesús Ángel
|
0-0: Called Strike 0-1: Ball 1-1: Swinging Strike 1-2: Strikes out looking
|
Top of the 4th over - 0 run(s), 1 hit(s), 0 error(s), 1 left on base; West Virginia 1 - Key West 0 |
BOTTOM OF THE 4TH |
Key West Barracudas batting - Pitching for West Virginia Power : RHP Mark Sanders
|
Batting: RHB Carlos Miranda
|
0-0: Ball 1-0: Called Strike 1-1: SINGLE (Groundball, 6MD)
|
Batting: RHB Luther Stoffels
|
0-0: Called Strike 0-1: SINGLE (Line Drive, 6MD) Carlos Miranda to second
|
Batting: RHB Kenny Cole
|
0-0: Swinging Strike 0-1: Ball Passed Ball! Carlos Miranda to third Luther Stoffels to second 1-1: SINGLE (Groundball, 6MD) Carlos Miranda scores Luther Stoffels to third Runner from 3rd tries for Home, SAFE, no throw or cutoff
|
Batting: LHB Daniel Byrd
|
0-0: Ball 1-0: SINGLE (Line Drive, 34D) Kenny Cole to second
|
Batting: RHB Alfredo Pineda
|
0-0: Grounds into double play, 6-4-3 (Groundball, 6) Kenny Cole to third
|
Batting: RHB Dan Craft
|
0-0: Called Strike 0-1: Fly out, F8 (Flyball, 8LS)
|
Bottom of the 4th over - 2 run(s), 4 hit(s), 0 error(s), 1 left on base; West Virginia 1 - Key West 2 |
TOP OF THE 5TH |
West Virginia Power batting - Pitching for Key West Barracudas : RHP Wilson Flores
|
Batting: LHB Ernie Jackson
|
0-0: Ground out 4-3 (Groundball, 4)
|
Batting: LHB Luis Pérez
|
0-0: Called Strike 0-1: Called Strike 0-2: Ball 1-2: Foul Ball, location: 2F 1-2: Fly out, F7 (Line Drive, 78M)
|
Batting: RHB Jorge Ramírez
|
0-0: Foul Ball, location: 2F 0-1: Ball 1-1: Ball 2-1: Ground out 4-3 (Groundball, 4M)
|
Top of the 5th over - 0 run(s), 0 hit(s), 0 error(s), 0 left on base; West Virginia 1 - Key West 2 |
BOTTOM OF THE 5TH |
Key West Barracudas batting - Pitching for West Virginia Power : RHP Mark Sanders
|
Batting: RHB Luis Pineda
|
0-0: Ball 1-0: Ball 2-0: Called Strike 2-1: Ground out 6-3 (Groundball, 6M)
|
Batting: SHB Patrick Larson
|
0-0: Ball 1-0: Foul Ball, location: 2F 1-1: Called Strike 1-2: Foul Ball, location: 2F 1-2: Foul Ball, location: 2F 1-2: Fly out, F8 (Flyball, 8LXD)
|
Batting: RHB Zander Tremblett
|
0-0: Ground out 5-3 (Groundball, 56)
|
Bottom of the 5th over - 0 run(s), 0 hit(s), 0 error(s), 0 left on base; West Virginia 1 - Key West 2 |
TOP OF THE 6TH |
West Virginia Power batting - Pitching for Key West Barracudas : RHP Wilson Flores
|
Batting: RHB Alfonso Huertas
|
0-0: Ball 1-0: Ball 2-0: Ball 3-0: Base on Balls
|
Batting: RHB Eric Johnson
|
0-0: Foul Ball, location: 2F 0-1: SINGLE (Line Drive, 8RS) Alfonso Huertas to second
|
Batting: RHB Wilson Gonzáles
|
0-0: Fly out, F7 (Line Drive, 7M)
|
Batting: RHB Cristián Herrera
|
0-0: Foul Ball, location: 2F 0-1: Ball 1-1: Ball 2-1: Called Strike 2-2: Ball 3-2: Base on Balls Alfonso Huertas to third Eric Johnson to second
|
Batting: RHB Rubén Ayala
|
0-0: Foul Ball, location: 2F 0-1: Called Strike 0-2: TRIPLE (Flyball, 8LM) Alfonso Huertas scores Eric Johnson scores Cristián Herrera scores
|
Batting: LHB Jesús Ángel
|
0-0: Called Strike 0-1: Ball 1-1: Ball 2-1: Ball 3-1: Foul Ball, location: 2F 3-2: Strikes out swinging
|
Pitching: LHP Lynn White
|
|
Batting: LHB Ernie Jackson
|
0-0: Ball 1-0: Foul Ball, location: 2F 1-1: Ball Wild Pitch! Rubén Ayala scores 2-1: Swinging Strike 2-2: Foul Ball, location: 2F 2-2: Strikes out swinging
|
Top of the 6th over - 4 run(s), 2 hit(s), 0 error(s), 0 left on base; West Virginia 5 - Key West 2 |
BOTTOM OF THE 6TH |
Key West Barracudas batting - Pitching for West Virginia Power : RHP Mark Sanders
|
Batting: RHB Carlos Miranda
|
0-0: Ground out 2-3 (Groundball, 23)
|
Batting: RHB Luther Stoffels
|
0-0: SINGLE (Groundball, 56D)
|
Batting: RHB Kenny Cole
|
0-0: Foul Ball, location: 2F 0-1: Ball 1-1: Ball 2-1: Ball 3-1: Base on Balls Luther Stoffels to second
|
Batting: LHB Daniel Byrd
|
0-0: Swinging Strike 0-1: Called Strike 0-2: Strikes out swinging
|
Pitching: RHP Howard Baker
|
|
Batting: RHB Alfredo Pineda
|
0-0: Ball 1-0: Ball 2-0: Foul Ball, location: 2F 2-1: Ball 3-1: Foul Ball, location: 2F 3-2: Strikes out swinging
|
Bottom of the 6th over - 0 run(s), 1 hit(s), 0 error(s), 2 left on base; West Virginia 5 - Key West 2 |
TOP OF THE 7TH |
West Virginia Power batting - Pitching for Key West Barracudas : LHP Lynn White
|
Pitching: RHP Tom Clement
|
|
Batting: LHB Luis Pérez
|
0-0: Foul Ball, location: 2F 0-1: Ball 1-1: Called Strike 1-2: Ball 2-2: Ball 3-2: Foul Ball, location: 2F 3-2: Foul Ball, location: 2F 3-2: Strikes out swinging
|
Batting: RHB Jorge Ramírez
|
0-0: Ground out 5-3 (Groundball, 56)
|
Batting: RHB Alfonso Huertas
|
0-0: Ball 1-0: Ball 2-0: Ball 3-0: Base on Balls
|
Batting: RHB Eric Johnson
|
0-0: Ball 1-0: Called Strike 1-1: Ball Alfonso Huertas steals 2nd base 2-1: Called Strike 2-2: Ball 3-2: Base on Balls
|
Batting: RHB Wilson Gonzáles
|
0-0: Called Strike 0-1: Foul Ball, location: 2F 0-2: Strikes out swinging
|
Top of the 7th over - 0 run(s), 0 hit(s), 0 error(s), 2 left on base; West Virginia 5 - Key West 2 |
BOTTOM OF THE 7TH |
Key West Barracudas batting - Pitching for West Virginia Power : RHP Howard Baker
|
Pitching: RHP Juan Herrera
|
|
Batting: RHB Dan Craft
|
0-0: Fly out, F5 (Line Drive, 5)
|
Pitching: RHP Cory Lowe
|
|
Batting: RHB Luis Pineda
|
0-0: Ball 1-0: Ball 2-0: Swinging Strike 2-1: Ball 3-1: Base on Balls
|
Batting: SHB Patrick Larson
|
0-0: Ball 1-0: Ball 2-0: Ball 3-0: Called Strike 3-1: Called Strike 3-2: SINGLE (Line Drive, 4M) Luis Pineda to second
|
Batting: RHB Zander Tremblett
|
0-0: Ball 1-0: Foul Ball, location: 2F 1-1: Ball 2-1: Grounds into double play, 6-4-3 (Groundball, 6)
|
Bottom of the 7th over - 0 run(s), 1 hit(s), 0 error(s), 1 left on base; West Virginia 5 - Key West 2 |
TOP OF THE 8TH |
West Virginia Power batting - Pitching for Key West Barracudas : RHP Tom Clement
|
Batting: RHB Cristián Herrera
|
0-0: Swinging Strike 0-1: Called Strike 0-2: Ball 1-2: Strikes out swinging
|
Batting: RHB Rubén Ayala
|
0-0: Ball 1-0: Swinging Strike 1-1: Fly out, F5 (Line Drive, 5)
|
Batting: LHB Jesús Ángel
|
0-0: Ball 1-0: SINGLE (Groundball, 4MD)
|
Batting: LHB Ernie Jackson
|
0-0: Called Strike 0-1: SINGLE (Line Drive, 4MD) Jesús Ángel to second Runner from 2nd tries for 3rd, SAFE, throw made to third Ernie Jackson to second
|
Batting: LHB Luis Pérez
|
0-0: Ball 1-0: Called Strike 1-1: Called Strike 1-2: Strikes out swinging
|
Top of the 8th over - 0 run(s), 2 hit(s), 0 error(s), 2 left on base; West Virginia 5 - Key West 2 |
BOTTOM OF THE 8TH |
Key West Barracudas batting - Pitching for West Virginia Power : RHP Cory Lowe
|
Batting: RHB Carlos Miranda
|
0-0: Ball 1-0: Fly out, F9 (Line Drive, 9M)
|
Batting: RHB Luther Stoffels
|
0-0: Ball 1-0: Ball 2-0: Ball 3-0: Called Strike 3-1: Base on Balls
|
Batting: RHB Kenny Cole
|
0-0: Ball 1-0: Ball 2-0: Ball 3-0: Base on Balls Luther Stoffels to second
|
Batting: LHB Daniel Byrd
|
0-0: Ball 1-0: Foul Ball, location: 2F 1-1: SINGLE (Groundball, 34D) Luther Stoffels to third Kenny Cole to second Runner from 3rd tries for Home, SAFE, no throw or cutoff
|
Pinch Hitting: LHB Arturo López
|
0-0: Fly out, F8 (Line Drive, 8RS)
|
Pinch Hitting: LHB Víctor Acevedo
|
0-0: Ball 1-0: Ball 2-0: Ball 3-0: Called Strike 3-1: Foul Ball, location: 2F 3-2: Base on Balls Kenny Cole to third Daniel Byrd to second
|
Batting: RHB Luis Pineda
|
0-0: Swinging Strike 0-1: Reached on Error, E9 (Flyball, 9S) Kenny Cole scores Daniel Byrd scores Víctor Acevedo to third
|
Batting: SHB Patrick Larson
|
0-0: Called Strike 0-1: Ball 1-1: Ball 2-1: Ball 3-1: Called Strike 3-2: Base on Balls
|
Batting: RHB Zander Tremblett
|
0-0: Ball 1-0: Called Strike 1-1: Foul Ball, location: 2F 1-2: DOUBLE (Flyball, 89S) Víctor Acevedo scores Luis Pineda scores Patrick Larson to third Runner from 3rd tries for Home, throw and OUT!
|
Bottom of the 8th over - 5 run(s), 2 hit(s), 1 error(s), 1 left on base; West Virginia 5 - Key West 7 |
TOP OF THE 9TH |
West Virginia Power batting - Pitching for Key West Barracudas : RHP Tom Clement
|
Pitching: RHP Charlie Alexander
|
|
Now at 3B: Rodney Birling
|
|
Now in RF: Víctor Acevedo
|
|
Batting: RHB Jorge Ramírez
|
0-0: Ball 1-0: Ball 2-0: Swinging Strike 2-1: Called Strike 2-2: Strikes out swinging
|
Batting: RHB Alfonso Huertas
|
0-0: Ball 1-0: Ball 2-0: Ball 3-0: Called Strike 3-1: Swinging Strike 3-2: Ground out 6-3 (Groundball, 6MS)
|
Batting: RHB Eric Johnson
|
0-0: Ball 1-0: Swinging Strike 1-1: Called Strike 1-2: Strikes out swinging
|
Top of the 9th over - 0 run(s), 0 hit(s), 0 error(s), 0 left on base; West Virginia 5 - Key West 7 |
|